 Dungeon Crawl Stone Soup version 0.19.5 (webtiles) character file.

111 Plasmo the Skirmisher (level 4, 0/29 HPs)
             Began as a Gargoyle Berserker on Apr 10, 2017.
             Was a Believer of Trog.
             Slain by a goblin (1 damage)
             ... led by Robin
             ... on level 3 of the Dungeon.
             The game lasted 00:05:06 (1652 turns).

Plasmo the Skirmisher (Gargoyle Berserker)          Turns: 1652, Time: 00:05:06

Health: 0/29       AC:  5    Str: 20    XL:     4   Next: 92%
Magic:  4/4        EV: 12    Int:  9    God:    Trog [**....]
Gold:   105        SH:  0    Dex:  9    Spells: 0 memorised, 3 levels left

rFire  . . .     SeeInvis .     n - +0 flail
rCold  . . .     Gourm    .     b - +0 animal skin
rNeg   + . .     Faith    .     (no shield)
rPois  ∞         Spirit   .     (no helmet)
rElec  +         Reflect  .     (no cloak)
rCorr  .         Harm     .     (no gloves)
MR     .....                    (no boots)
Stlth  ..........               (no amulet)
                                (no ring)
                                e - ring of loudness (curse)

@: exhausted, starving, slowed, very slow
A: negative energy resistance 1, electricity resistance, unbreathing,
petrification resistance, rot immunity, AC +3
a: Berserk, Trog's Hand, Burn Spellbooks, Renounce Religion


You were on level 3 of the Dungeon.
You worshipped Trog.
Trog was pleased with you.
You were starving.

You visited 1 branch of the dungeon, and saw 3 of its levels.

You collected 105 gold pieces.

Inventory:

Hand Weapons
 a - a +0 mace
 n - a +0 flail (weapon)
Missiles
 h - 8 tomahawks (quivered)
Armour
 b - a +0 animal skin (worn)
Jewellery
 e - a cursed ring of loudness (left hand)
Scrolls
 d - 2 scrolls of identify {unknown}
 f - a scroll of noise {unknown}
 k - a scroll of enchant armour {unknown}
 m - a scroll of remove curse {unknown}
Potions
 g - 2 potions of curing {unknown}
 j - a potion of haste {unknown}
Comestibles
 c - 2 bread rations
 i - 3 fruits
 l - a beef jerky


   Skills:
 * Level 4.1 Fighting
 * Level 3.8 Maces & Flails
 + Level 0.8 Throwing
 * Level 3.4 Armour
 * Level 1.9 Dodging


You had 3 spell levels left.
You didn't know any spells.

Dungeon Overview and Level Annotations

Branches:
Dungeon (3/15)

Altars:

Annotations:
D:3 Robin


Innate Abilities, Weirdness & Mutations

You are resistant to torment.
Your stone body is resilient. (AC +3)
You are immune to poison.
You resist negative energy. (rN+)
You are resistant to electric shocks. (rElec)
You can survive without breathing.
You are immune to petrification.
You are immune to rotting.


Message History

You thump Robin!
Robin is heavily wounded.
The goblin misses you. Robin hits you but does no damage.
The goblin barely misses you.
You hit Robin.
Robin is severely wounded.
Robin misses you. The goblin closely misses you. Robin hits you with a dagger.
The goblin hits you but does no damage.
You hit Robin but do no damage.
Robin is severely wounded.
Robin hits you but does no damage. The goblin closely misses you.
Robin hits you with a dagger.
* * * LOW HITPOINT WARNING * * *
The goblin hits you.
* * * LOW HITPOINT WARNING * * *
You are starving!
You hit Robin.
Robin is almost dead.
Robin closely misses you. The goblin hits you.
You die...

........ ......
.....# .....
#... #.. #g#
#@# #g# #ggr.#
#.....#
#....[...
#........%#
.............
..#.........###
####)......##


You could see Robin, 2 hobgoblins, a goblin and a rat.

Vanquished Creatures
  Terence (D:2)
  An adder (D:2)
  A worm (D:2)
  2 dart slugs (D:1)
  3 leopard geckos
  4 giant cockroaches
  12 goblins
  5 hobgoblins
  5 jackals (D:1)
  4 kobolds
  2 ball pythons (D:1)
  11 bats
  5 frilled lizards
  4 rats
60 creatures vanquished.

Notes
Turn   | Place    | Note
-------+----------+-------------------------------------------
     0 | D:1      | Plasmo the Gargoyle Berserker began the quest for the Orb.
     0 | D:1      | Reached XP level 1. HP: 14/14 MP: 1/1
   360 | D:1      | Reached XP level 2. HP: 18/19 MP: 2/2
   483 | D:1      | Reached XP level 3. HP: 16/24 MP: 3/3
   771 | D:1      | Reached ** piety under Trog
   985 | D:2      | Noticed Terence
   991 | D:2      | Killed Terence
   991 | D:2      | Reached skill level 4 in Fighting
   991 | D:2      | Reached XP level 4. HP: 29/29 MP: 4/4
  1612 | D:3      | Noticed Robin
  1651 | D:3      | HP: 1/29 [goblin[Robin] (3)]
  1652 | D:3      | Slain by a goblin

Skill      XL: |  1  2  3 |
---------------+----------+-----
Fighting       | 4 |  4.1
Armour         | 3 |  3.4
Maces & Flails | |  3.8
Throwing       | |  0.8
Dodging        | |  1.9

Action                   |  1- 3 |  4- 6 || total
-------------------------+-------+-------++-------
Melee: Mace              |    99 |    51 ||   150
       Flail             |       |    42 ||    42
Invok: Berserk           |     1 |     1 ||     2
       Trog's Hand       |       |     1 ||     1
  Eat: Chunk             |       |     3 ||     3
Armor: Animal skin       |    44 |    43 ||    87
Dodge: Dodged            |    80 |    90 ||   170
